 Dungeon Crawl Stone Soup version 0.25-a0-1024-gbfbf38f2cb (webtiles) character file.

Game seed: 12289233981987507201, levelgen mode: deterministic

46 Flugslaktarn the Chopper (level 3, -5/26 HPs)
             Began as an Octopode Monk on May 12, 2020.
             Shot with an arrow by a centaur (7 damage)
             ... on level 2 of the Dungeon.
             The game lasted 00:00:37 (1309 turns).

Flugslaktarn the Chopper (Octopode Monk)            Turns: 1309, Time: 00:00:38

Health: -5/26      AC:  1    Str: 10    XL:     3   Next: 68%
Magic:  3/3        EV: 14    Int: 13    God:
Gold:   36         SH:  0    Dex: 14    Spells: 2/2 levels left

rFire    . . .     SeeInvis .   a - +0 hand axe
rCold    . . .     Gourm    .   (no shield)
rNeg     . . .     Faith    .   (helmet restricted)
rPois    .         Spirit   .   (no amulet)
rElec    .         Reflect  .   (no ring)
rCorr    .         Harm     .   (no ring)
MR       .....                  (no ring)
Stlth    +++.......             (no ring)
HPRegen  0.08/turn              (no ring)
MPRegen  0.08/turn              (no ring)
                                (no ring)
                                (no ring)

@: hasted, very quick
A: almost no armour, stealthy swim, amphibious, 8 rings, constrict 8, camouflage
1, gelatinous body 1
a: no special abilities


You were on level 2 of the Dungeon.
You were not hungry.

You visited 1 branch of the dungeon, and saw 2 of its levels.

You collected 36 gold pieces.

Inventory:

Hand Weapons
 a - a +0 hand axe (weapon)
Scrolls
 b - 3 scrolls of fog {unknown}
 c - a scroll of remove curse {unknown}
Comestibles
 e - 4 rations
 f - 2 chunks of flesh


   Skills:
 + Level 3.4 Fighting
 * Level 3.9 Axes
 + Level 3.4 Dodging
 - Level 2.6 Stealth


You had 2 spell levels left.
You didn't know any spells.
Your spell library was empty.

Dungeon Overview and Level Annotations

Branches:
Dungeon (2/15)

Altars:


Innate Abilities, Weirdness & Mutations

You cannot wear most types of armour.
You are very stealthy in the water. (Stealth+)
You are amphibious.
You can wear up to eight rings at the same time.
You can use your tentacles to constrict eight enemies at once.
Your skin changes colour to match your surroundings (Stealth+).
Your rubbery body absorbs attacks. (AC +1, EV +1)


Message History

You see here an arrow.
You closely miss the rat.
The ooze quivers.
Your grab misses the rat.
The centaur shoots an arrow.
The arrow barely misses you. The rat misses you.
A jackal comes into view.
There are monsters nearby!
There are monsters nearby!
You hit the jackal.
You kill the jackal!
You closely miss the rat. The rat completely misses you.
The centaur unwields a +0 shortbow.
The centaur hits you!
* * * LOW HITPOINT WARNING * * *
Unknown command.
It was a potion of haste.
You feel yourself speed up. The rat bites you but does no damage.
The rat twitches its whiskers.
The centaur wields a +0 shortbow.
The centaur shoots an arrow.
The arrow hits you!
You die...

....# .... ...###
..... #.#.. .
########.#h####..
#........#.).....
#<......c#?..#
#..@..rJ(h)$.# #
#.......####.#
...####....(.......#
........!.....###....
..###........# ..
####.###.####
#........# #.##.#####
#.##.#####


You could see a centaur, an ooze, a jackal and a rat.

Vanquished Creatures
  An adder (D:2)
  A dart slug (D:2)
  A leopard gecko (D:1)
  A giant cockroach (D:1)
  2 goblins (D:1)
  6 hobgoblins
  A jackal (D:2)
  7 kobolds (D:1)
  A ball python (D:1)
  3 bats
  6 frilled lizards
  8 rats
38 creatures vanquished.

Notes
Turn   | Place    | Note
-------+----------+-------------------------------------------
     0 | D:1      | Flugslaktarn the Octopode Monk began the quest for the Orb.
     0 | D:1      | Reached XP level 1. HP: 16/16 MP: 1/1
   287 | D:1      | Reached XP level 2. HP: 21/21 MP: 2/2
   499 | D:1      | Reached XP level 3. HP: 13/26 MP: 3/3
  1297 | D:2      | Noticed a centaur
  1302 | D:2      | HP: 1/26 [centaur (7)]
  1309 | D:2      | Shot with an arrow by a centaur

Illustrated notes

Levels and vault maps discovered:
D:1:      minmay_arrival_nine_rooms, layout_basic
D:2:      layout_loops_cross, lemuel_blue_sif_altar, first_ration,
          minmay_tetromino_i4

Action                   || total
-------------------------++-------
Melee: Hand axe          ||    63
       Constrict         ||    16
       Tentacles         ||    10
  Use: Potion            ||     1
 Stab: Sleeping          ||    10
  Eat: Ration            ||     1
Armor: Skin              ||     4
Dodge: Dodged            ||    43

Table legend:
 A = Non-vault XP
 B = Vault XP
 C = Vault XP percentage of total XP
 D = Non-vault monster count
 E = Vault monster count
 F = Vault count percentage of total count
                 A         B        C        D         E       F
            +---------+---------+-------+---------+---------+-------
      Total |      67 |       0 |   0.0 |      38 |       0 |   0.0
            +---------+---------+-------+---------+---------+-------
        D:1 |      43 |       0 |   0.0 |      31 |       0 |   0.0
        D:2 |      24 |       0 |   0.0 |       7 |       0 |   0.0
            +---------+---------+-------+---------+---------+-------
